 Dungeon Crawl Stone Soup version 0.23.2-33-g5129a83184 (webtiles) character file.

Game seed: 14916543766207215328

2278 MalarOregon the Nimble (level 9, -9/58 HPs)
             Began as a Merfolk Summoner on Aug 12, 2019.
             Was an Initiate of Gozag.
             Mangled by an orc warrior
             ... wielding a +0 glaive of protection
              (22 damage)
             ... on level 8 of the Dungeon.
             The game lasted 00:34:33 (10163 turns).

MalarOregon the Nimble (Merfolk Summoner)          Turns: 10163, Time: 00:34:34

Health: -9/58      AC:  7    Str:  9    XL:     9   Next: 39%
Magic:  13/17      EV: 16    Int: 17    God:    Gozag
Gold:   193        SH:  4    Dex: 14    Spells: 13/19 levels left

rFire    . . .     SeeInvis .   b - +2 long sword (holy)
rCold    . . .     Gourm    .   k - +0 buckler
rNeg     . . .     Faith    .   d - +2 robe
rPois    .         Spirit   .   j - +1 helmet
rElec    .         Reflect  .   (no cloak)
rCorr    .         Harm     .   (no gloves)
MR       +....                  C - +0 pair of boots
Stlth    ++........             (no amulet)
HPRegen  0.19/turn              o - ring of wizardry
MPRegen  0.15/turn              l - ring of protection from magic

@: no status effects
A: change form in water, swift swim, stealthy swim
a: Potion Petition, Call Merchant, Bribe Branch, Renounce Religion


You were on level 8 of the Dungeon.
You worshipped Gozag.
Gozag was aware of your devotion.
You were not hungry.

You visited 2 branches of the dungeon, and saw 9 of its levels.
You also visited: Ossuary.

You collected 971 gold pieces.
You spent 707 gold pieces at shops.
You paid 71 gold pieces to Gozag.

Inventory:

Hand Weapons
 a - a +0 dagger
   (You took it off a goblin on level 1 of the Dungeon)
 b - a +2 long sword of holy wrath (weapon)
   (You found it on level 3 of the Dungeon)
Missiles
 g - 3 throwing nets (quivered) {!f}
 m - 8 tomahawks of dispersal {!f}
Armour
 d - a +2 robe (worn)
 j - a +1 helmet (worn)
   (You took it off Robin on level 2 of the Dungeon)
 k - a +0 buckler (worn)
   (You found it on level 7 of the Dungeon)
 C - a +0 pair of boots (worn)
   (You bought it in a shop on level 6 of the Dungeon)
Jewellery
 h - an uncursed ring of stealth
   (You found it on level 2 of the Dungeon)
 l - a ring of protection from magic (right hand)
   (You found it on level 3 of the Dungeon)
 o - a ring of wizardry (left hand)
   (You found it on level 5 of the Dungeon)
Wands
 v - a wand of digging (3)
   (You took it off an orc on level 6 of the Dungeon)
Scrolls
 w - 2 scrolls of immolation {!r}
 x - 6 scrolls of remove curse {@r2}
 z - a scroll of teleportation {@r4}
 A - a scroll of blinking
 B - a scroll of magic mapping
Potions
 c - 3 potions of curing {@q1}
 f - a potion of mutation {!q}
 i - a potion of lignification {unknown}
 n - a potion of invisibility
 p - a potion of magic {unknown}
 q - 3 potions of heal wounds {@q2}
 r - a potion of degeneration {unknown}
 s - a potion of might
 t - 2 potions of flight
 u - a potion of agility
 D - a potion of haste {@q3}
 E - 2 potions of resistance
Comestibles
 e - 5 rations {!d}


   Skills:
 - Level 0.4 Fighting
 + Level 7.1 Short Blades
 - Level 8.0 Dodging
 - Level 2.1 Stealth
 + Level 1.4 Shields
 + Level 5.9 Spellcasting
 + Level 7.3 Summonings


You had 13 spell levels left.
You knew the following spells:

 Your Spells              Type           Power        Failure   Level  Hunger
b - Confusing Touch       Hex            #.....       8%          1    None
c - Call Canine Familiar  Summ           ####....     1%          3    ##.....
x - Call Imp              Summ           ####....     1%          2    None

Your spell library contained the following spells:

 Spells                   Type           Power        Failure   Level  Hunger
 Summon Small Mammal      Summ           ####         1%          1    None
 Summon Guardian Golem    Hex/Summ       ###.....     4%          3    ##.....
 Corona                   Hex            #......      8%          1    None
 Ensorcelled Hibernation  Hex/Ice        #.....       11%         2    None
 Summon Ice Beast         Ice/Summ       ###.....     16%         4    ####...
 Summon Lightning Spire   Summ/Air       ###.....     16%         4    ####...
 Confuse                  Hex            #.......     21%         3    ##.....
 Dazzling Spray           Conj/Hex       #.....       21%         3    ##.....
 Gell's Gravitas          Tloc           #.........   21%         3    ##.....
 Tukima's Dance           Hex            #.......     21%         3    ##.....
 Petrify                  Tmut/Erth      #.......     54%         4    ####...
 Metabolic Englaciation   Hex/Ice        #.........   86%         5    #####..
 Yara's Violent Unravell  Hex/Tmut       #.........   86%         5    #####..


Dungeon Overview and Level Annotations

Branches:
Dungeon (8/15)             Temple (1/1) D:5
   Lair: D:8-11

Altars:
Ashenzari
Cheibriados
Dithmenos
Elyvilon
Gozag
Hepliaklqana
Kikubaaqudgha
Makhleb
Nemelex Xobeh
Okawaru
Qazlal
Ru
Sif Muna
Trog
Uskayaw
Vehumet
Wu Jian
Xom
Yredelemnul
Zin
The Shining One

Shops:
D:6 *

Annotations:
D:4 3 runed translucent doors, Descartes's ghost, amateur FoFi; Destapler's ghost, amateur CeAM
D:5 1 runed translucent door, Crazy Yiuf


Message History

A puff of flame appears from out of thin air!
The puff of flame hits your wolf!
Your wolf bites something.
You miss the phantom. Your wolf misses something. The phantom misses you.
Your wolf closely misses something.
Unknown command.
You hit the phantom but do no damage.
You hear some strange, mumbled words.
A puff of flame appears from out of thin air!
The puff of flame hits your wolf!
Your wolf misses something. The phantom misses you.
Your wolf bites something.
Reactivating autopickup.
You feel a bit more experienced.
You hit the phantom.
The phantom convulses.
The phantom hits you.
Your wolf bites the phantom.
You swap places.
The phantom hits you.
Your wolf closely misses the phantom.
There is a stone staircase leading up here.
You miss the phantom.
Your wolf bites the phantom.
The phantom blinks!
Your wolf closely misses the phantom.
The phantom hits your wolf!
Your wolf dies!
Your wolf's corpse disappears in a puff of smoke!
The orc warrior closely misses you.
The phantom hits you but does no damage.
You closely miss the phantom.
The orc wizard is no longer moving quickly.
Your hound misses the phantom. The phantom closely misses you.
You riposte.
You barely miss the phantom. The orc warrior barely misses you.
You closely miss the phantom.
Your hound closely misses the phantom.
Your hound bites the phantom but does no damage.
The phantom misses you. The orc warrior barely misses you.
You miss the phantom.
Your hound bites the phantom.
The phantom closely misses you.
Your hound misses the phantom. You closely miss the phantom.
Your hound bites the phantom.
The orc warrior hits you from afar with a +0 glaive of protection!
The phantom completely misses your hound.
Your hound bites the phantom but does no damage.
The phantom blinks!
The orc warrior completely misses you.
The orc wizard mumbles some strange words.
The orc wizard seems to speed up.
Your hound misses the phantom.
The orc warrior hits you with a +0 glaive of protection!!
* * * LOW HITPOINT WARNING * * *
The phantom hits your hound.
There is a stone staircase leading up, spattered with blood here.
Unknown command.
Your hound completely misses the phantom.
Your hound barely misses the phantom.
The orc warrior hits you with a +0 glaive of protection!!
You die...
Your body crumbles into a pile of gold.

#..........##
#........#.# #........# #
#.....o..# #...#.#..#
#...#....#
###########...#.o..#
#.......oooo..#....#.##
##.....@###.#.#{o..ยง....
#......# #........#.###
#.....h# ###.#.#..#.#
.......W. ...#.#..# #
.#......#######.##.#
......... ... .#
.#.###### ... .# #. ...#
# ..#


You could see a phantom, an orc warrior, an orc wizard, 2 orcs and a friendly
hound.

Vanquished Creatures
  A water moccasin (D:6)
  An orc warrior (D:7)
  A black bear (D:7)
  A sky beast (D:4)
  A phantom (D:5)
  A centaur (D:7)
  A crimson imp (D:6)
  A jelly (D:7)
  A centaur zombie (Ossuary)
  A bullfrog skeleton (D:6)
  3 hounds
  An orc priest (D:6)
  2 human zombies (Ossuary)
  Terence (D:2)
  4 worker ants
  2 big kobold zombies (Ossuary)
  3 mummies (Ossuary)
  A worker ant zombie (D:7)
  3 gnolls (D:4)
  4 adders
  An ooze (D:3)
  7 adder zombies (Ossuary)
  A worm (D:2)
  2 dart slugs
  3 leopard geckos
  3 orcs
  4 bats
  A giant cockroach (D:1)
  2 gnoll zombies (Ossuary)
  9 goblins
  4 hobgoblins
  2 jackals (D:6)
  A quokka (D:3)
  2 ball pythons
  3 frilled lizards
  A goblin zombie (Ossuary)
  A hobgoblin zombie (Ossuary)
  5 jackal zombies (Ossuary)
  6 kobolds
  6 kobold zombies (Ossuary)
  An orc zombie (Ossuary)
  5 quokka zombies
  6 rats
  4 rat zombies (Ossuary)
114 creatures vanquished.

Vanquished Creatures (collateral kills)
  Grinder (D:5)
  3 hippogriffs
  A sky beast (D:6)
  A black bear (D:7)
  4 ogres
  3 bullfrogs (D:6)
  A centaur zombie (D:5)
  3 hounds
  An orc wizard (D:8)
  An orc priest (D:7)
  3 iguanas
  3 worker ants
  Robin (D:2)
  2 gnolls (D:4)
  3 adders
  2 shadow imps (D:6)
  2 worms (D:2)
  2 dart slugs
  3 leopard geckos
  5 orcs
  2 giant cockroaches
  6 goblins
  3 hobgoblins
  A jackal (D:6)
  A quokka (D:6)
  2 bats
  A frilled lizard (D:1)
  A kobold (D:1)
  A rat (D:1)
63 creatures vanquished.

Vanquished Creatures (others)
  A gnoll (D:4)
1 creature vanquished.

Grand Total: 178 creatures vanquished

Notes
Turn   | Place    | Note
-------+----------+-------------------------------------------
     0 | D:1      | MalarOregon the Merfolk Summoner began the quest for the
                  | Orb.
     0 | D:1      | Reached XP level 1. HP: 13/13 MP: 3/3
   197 | D:1      | Reached XP level 2. HP: 19/20 MP: 5/5
   212 | D:1      | Learned a level 2 spell: Call Imp
   254 | D:1      | Reached skill level 3 in Dodging
   906 | D:1      | Reached skill level 1 in Short Blades
   939 | D:1      | Reached XP level 3. HP: 24/25 MP: 6/6
  1055 | D:2      | Learned a level 3 spell: Call Canine Familiar
  1133 | D:2      | Noticed Terence
  1147 | D:2      | Killed Terence
  1339 | D:2      | Found a faded altar of an unknown god.
  1596 | D:2      | Reached XP level 4. HP: 31/31 MP: 3/7
  1673 | D:2      | Found a glowing silver altar of Zin.
  2101 | D:3      | Noticed Robin
  2313 | D:2      | Killed Robin
  2643 | D:3      | Found an iron altar of Okawaru.
  2843 | D:3      | Learned a level 1 spell: Confusing Touch
  3100 | D:4      | Reached skill level 4 in Dodging
  3102 | D:4      | Reached XP level 5. HP: 30/36 MP: 6/9
  3131 | D:4      | Found a basalt altar of Yredelemnul.
  3155 | D:4      | Noticed a profane servitor
  3170 | D:4      | Found a glowing golden altar of the Shining One.
  3353 | D:4      | Noticed an ogre
  3367 | D:4      | HP: 1/36 [ogre/+0 giant club (23)]
  3369 | D:4      | Killed an ogre
  3369 | D:4      | Reached XP level 6. HP: 1/42 MP: 8/11
  3815 | D:4      | Reached skill level 5 in Summonings
  4033 | D:4      | Found a runed translucent gate.
  4034 | D:4      | Found a runed translucent gate.
  4035 | D:4      | Found a runed translucent gate.
  4039 | D:4      | Noticed Descartes's ghost (amateur FoFi)
  4039 | D:4      | Noticed Destapler's ghost (amateur CeAM)
  4170 | D:4      | Noticed an angel
  4203 | D:5      | Entered Level 5 of the Dungeon
  4267 | D:5      | Reached skill level 5 in Dodging
  4693 | D:5      | Noticed Grinder
  4707 | D:5      | Killed Grinder
  4707 | D:5      | Reached XP level 7. HP: 26/47 MP: 9/12
  4880 | D:5      | Found a staircase to the Ecumenical Temple.
  5528 | D:5      | Found a runed translucent door.
  5529 | D:5      | Noticed Crazy Yiuf
  5574 | D:5      | Noticed a hippogriff
  5622 | Temple   | Entered the Ecumenical Temple
  5644 | Temple   | Became a worshipper of Gozag Ym Sagoz the Greedy
  5905 | Temple   | Reached skill level 6 in Dodging
  5907 | Temple   | Killed a hippogriff
  6256 | D:5      | Reached XP level 8. HP: 31/53 MP: 11/14
  6643 | D:6      | Reached skill level 5 in Short Blades
  6722 | D:6      | Found a sand-covered staircase.
  6730 | Ossuary  | Entered an ossuary
  7153 | Ossuary  | Reached skill level 7 in Dodging
  7234 | D:6      | Reached skill level 5 in Spellcasting
  8483 | D:6      | Found Ywkup's General Store.
  8490 | D:6      | Bought a scroll of immolation for 45 gold pieces
  8490 | D:6      | Bought a scroll of magic mapping for 45 gold pieces
  8490 | D:6      | Bought a potion of flight for 39 gold pieces
  8490 | D:6      | Bought a +0 pair of boots for 58 gold pieces
  8490 | D:6      | Bought a potion of haste for 130 gold pieces
  8490 | D:6      | Bought 2 potions of resistance for 260 gold pieces
  8490 | D:6      | Bought a ration for 65 gold pieces
  8565 | D:7      | Noticed a hippogriff
  8585 | D:7      | Killed a hippogriff
  8585 | D:7      | Reached XP level 9. HP: 3/58 MP: 8/17
  9031 | D:6      | Bought a ration for 65 gold pieces
  9082 | D:7      | Found a radiant altar of Vehumet.
  9261 | D:7      | Reached skill level 8 in Dodging
  9517 | D:7      | Found a bloodstained altar of Trog.
  9709 | D:7      | Reached skill level 1 in Shields
 10163 | D:8      | Mangled by an orc warrior

Skill      XL: |  1  2  3  4  5  6  7  8  9 |
---------------+----------------------------+-----
Dodging        | 3 4 5 6 7 8 |  8.0
Short Blades   | 1 2 3 4 6 7 |  7.1
Spellcasting   | 3 4 5 |  5.9
Summonings     | 5 6 7 |  7.3
Shields        | 1 |  1.4
Fighting       | |  0.4
Stealth        | |  2.1

Action                   |  1- 3 |  4- 6 |  7- 9 || total
-------------------------+-------+-------+-------++-------
Melee: Unarmed           |    13 |       |       ||    13
       Dagger            |   121 |   146 |   166 ||   433
       Long sword        |       |    41 |   203 ||   244
 Cast: Summon Small Mamm |    10 |       |       ||    10
       Call Imp          |     4 |       |    31 ||    35
       Call Canine Famil |     5 |    18 |    36 ||    59
  Use: Scroll            |     7 |     4 |    10 ||    21
 Stab: Sleeping          |     8 |     8 |     2 ||    18
       Distracted        |     2 |     1 |     3 ||     6
  Eat: Chunk             |     3 |    10 |       ||    13
       Ration            |       |     1 |     6 ||     7
Armor: Robe              |    47 |    51 |   105 ||   203
Dodge: Dodged            |    96 |   127 |   364 ||   587
Block: Buckler           |       |       |     7 ||     7
       Rpst.: Long sword |       |    10 |    58 ||    68
